[Event "Team 45 45 League T33"]
[Site "Internet Chess Club"]
[Date "2007.04.19"]
[Round "1"]
[White "jjmolina"]
[Black "Sean"]
[Result "0-1"]
[WhiteElo "1443"]
[BlackElo "1593"]
[ECO "C18"]
[TimeControl "2700+45"]

1. e4 e6 2. d4 d5 3. Nc3 Bb4 4. e5 c5 5. a3 Bxc3+ 6. bxc3 Ne7 7. Bb5+ Bd7 8. Qe2
c4 9. Bxd7+ Nxd7 10. Nf3 Nf5 11. O-O h6 12. Rb1 Rb8 13. h3 Qa5 14. Bd2 a6 15. g4
Ne7 16. Ra1 Ng6 17. h4 Qd8 18. g5 Ne7 19. gxh6 gxh6 20. Kh1 Nf5 21. h5 Nh4 22.
Nh2 Qe7 23. Rg1 Kd8 24. Ng4 Nf5 25. Qf3 Qh4+ 26. Nh2 Kc7 27. Rg4 Qxh5 28. Rag1
Rbg8 29. Qf4 Rxg4 30. Rxg4 Nf8 31. Kg1 Ng6 32. Qf3 Kd7 33. Qd1 Qh3 34. Qb1 Kc6
35. Qb4 Ngh4 36. Qa4+ Kc7 37. Bf4 Nf3+ 38. Kh1 Nxh2 39. Qa5+ b6 40. Bxh2 bxa5
{White resigns} 0-1

[Event "Team 45 45 League T33"]
[Site "Internet Chess Club"]
[Date "2007.04.20"]
[Round "1"]
[White "allanchs"]
[Black "kabubi"]
[Result "1-0"]
[WhiteElo "1634"]
[BlackElo "1241"]
[ECO "C55"]
[TimeControl "2700+45"]

1. e4 e5 2. Nf3 Nc6 3. Bc4 Nf6 4. d3 d5 5. exd5 Nxd5 6. O-O Nb6 7. Bb3 Bc5 8.
Be3 Bxe3 9. fxe3 O-O 10. e4 Qe7 11. Nc3 Qc5+ 12. Kh1 Bg4 13. Qd2 Bxf3 14. Rxf3
Nd4 15. Rg3 Nxb3 16. axb3 Rae8 17. Qh6 g6 18. Rh3 {Black resigns} 1-0

[Event "Team 45 45 League T33"]
[Site "Internet Chess Club"]
[Date "2007.04.22"]
[Round "1"]
[White "kublai"]
[Black "MathWorker"]
[Result "0-1"]
[WhiteElo "1211"]
[BlackElo "1544"]
[ECO "A85"]
[TimeControl "2700+45"]

1. d4 f5 2. c4 Nf6 3. Nc3 g6 4. Nf3 Bg7 5. e3 d6 6. Bd3 O-O 7. O-O c6 8. b4 e5
9. dxe5 Nfd7 10. Bb2 dxe5 11. Bc2 e4 12. Ng5 Qxg5 13. Re1 Nb6 14. Bb3 N6d7 15.
Na4 Bxb2 16. Nxb2 Qf6 17. c5+ Kg7 18. Qd4 Qxd4 19. exd4 Nf6 20. h3 Na6 21. a3
Nc7 22. Re3 Ncd5 23. Bxd5 Nxd5 24. Ree1 Be6 25. Nc4 Nf6 26. Nd6 Rab8 27. f3 Bd5
28. fxe4 Nxe4 29. Nxe4 Bxe4 30. Re3 Rbd8 31. Rd1 Rd5 32. Kf2 Rfd8 33. g4 Rxd4
34. Rxd4 Rxd4 35. gxf5 gxf5 36. Rg3+ Kf7 37. Ke1 Rd3 38. Rxd3 Bxd3 39. Kf2 Kf6
40. Ke3 Bf1 41. h4 Ke5 42. a4 h5 43. a5 Bb5 44. Kf2 Kf4 {White resigns} 0-1

[Event "Team 45 45 League T33"]
[Site "Internet Chess Club"]
[Date "2007.04.21"]
[Round "1"]
[White "gagdad"]
[Black "b-spot"]
[Result "1-0"]
[WhiteElo "1690"]
[BlackElo "1630"]
[ECO "B52"]
[TimeControl "2700+45"]

1. e4 c5 2. Nf3 d6 3. Bb5+ Bd7 4. Bxd7+ Qxd7 5. c4 Nc6 6. Nc3 e6 7. O-O Nf6 8.
Re1 Be7 9. d4 cxd4 10. Nxd4 O-O 11. Be3 Ne5 12. b3 d5 13. exd5 exd5 14. Bg5 Ng6
15. Bxf6 Bxf6 16. Nxd5 Bxd4 17. Qxd4 Qd8 18. Qb2 Rc8 19. Rad1 Qg5 20. f3 Kh8 21.
Qd2 Qd8 22. Qb4 Qg5 23. Ne7 Nxe7 24. Qxe7 Qa5 25. Qe2 Rc6 26. Qd2 Qc5+ 27. Qd4
Qa5 28. Re2 Rcc8 29. Red2 h6 30. Qf2 a6 31. Rd7 b5 32. cxb5 axb5 33. Qa7 Qc3 34.
Qd4 Qc2 35. Qd2 Rfe8 36. Qxc2 Rxc2 37. Rd8 Re2 38. Rxe8+ Rxe8 39. Kf2 Rc8 40.
Rd2 Kh7 41. a4 bxa4 42. bxa4 Ra8 43. Ra2 Kg6 44. Ke3 Kf6 45. a5 Ke6 46. Ke4 Kd6
47. g4 Kc6 48. h4 Re8+ 49. Kf4 Kb7 50. a6+ Ka7 51. g5 hxg5+ 52. Kxg5 Re6 53. h5
Re5+ 54. Kg4 Re6 55. f4 Rh6 56. Ra5 Rc6 57. Rg5 g6 58. h6 f5+ 59. Kh4 Rc1 60.
Rxg6 Rh1+ 61. Kg5 {Black resigns} 1-0

[Event "Team 45 45 League T33"]
[Site "Internet Chess Club"]
[Date "2007.04.20"]
[Round "1"]
[White "tammany"]
[Black "scyther314159"]
[Result "1-0"]
[WhiteElo "1634"]
[BlackElo "1398"]
[ECO "C45"]
[TimeControl "2700+45"]

1. e4 e5 2. Nf3 Nc6 3. d4 exd4 4. Nxd4 Bc5 5. Nxc6 Qf6 6. Qd2 dxc6 7. Nc3 Be6 8.
Qf4 Ne7 9. Qxf6 gxf6 10. Na4 Bb4+ 11. c3 Bd6 12. Be3 b6 13. f4 O-O-O 14. g3 c5
15. b3 Nc6 16. Nb2 f5 17. e5 Be7 18. Rd1 f6 19. Bg2 Kb7 20. Nd3 Bd5 21. Bxd5
Rxd5 22. c4 Rdd8 23. Rf1 Nd4 24. Bxd4 Rxd4 25. Rf2 Rhd8 26. Rfd2 h5 27. exf6
Bxf6 28. Ne5 Re4+ 29. Re2 Rdd4 30. Nf3 Rxe2+ 31. Kxe2 Rxd1 32. Kxd1 Kc6 33. Ke2
b5 34. Ne5+ Kd6 35. Nf7+ Ke6 36. Ng5+ Bxg5 37. fxg5 c6 38. Ke3 Ke5 39. Kf3 a5
40. h3 Kd6 41. Kf4 Ke6 42. g6 Kf6 43. g7 Kxg7 44. Kxf5 h4 45. g4 Kg8 46. Kg5 Kh7
47. Kxh4 a4 48. Kg5 {Black resigns} 1-0

[Event "Team 45 45 League T33"]
[Site "Internet Chess Club"]
[Date "2007.04.21"]
[Round "1"]
[White "Dostoy"]
[Black "dougmo"]
[Result "0-1"]
[WhiteElo "1508"]
[BlackElo "1550"]
[ECO "A40"]
[TimeControl "2700+45"]

1. d4 e6 2. Nf3 Nf6 3. e3 b6 4. Bd3 Bb7 5. O-O Be7 6. Nbd2 O-O 7. b3 d5 8. Bb2
Nbd7 9. Ne5 Nxe5 10. dxe5 Nd7 11. Qh5 g6 12. Qe2 Nc5 13. Rac1 Nxd3 14. cxd3 c5
15. f4 Qd7 16. Rf3 Rfd8 17. Rh3 Ba6 18. g4 Qb5 19. Rc3 d4 20. a4 Qc6 21. Rc1 Bb7
22. e4 f5 23. exf6 Bxf6 24. g5 Bg7 25. Qg4 Qd7 26. Qh4 Bh8 27. Nf3 Rf8 28. Ne5
Bxe5 29. fxe5 Rf7 30. Rf1 Raf8 31. Rf6 Rxf6 32. exf6 e5 33. Bc1 Bc8 34. Rg3 Rf7
35. Qh6 Qe6 36. Bd2 Qxb3 37. Rf3 Qd1+ 38. Kg2 Qxd2+ 39. Rf2 Qxd3 40. Qh4 Qc4 41.
Qg3 Qe6 42. h3 c4 {White resigns} 0-1

[Event "Team 45 45 League T33"]
[Site "Internet Chess Club"]
[Date "2007.04.22"]
[Round "1"]
[White "werty"]
[Black "mongmong"]
[Result "1/2-1/2"]
[WhiteElo "1443"]
[BlackElo "1586"]
[ECO "D05"]
[TimeControl "2700+45"]

1. d4 e6 2. Nf3 Nf6 3. e3 d5 4. Bd3 c5 5. c3 Nc6 6. O-O Bd6 7. Nbd2 O-O 8. Re1
Qc7 9. e4 cxd4 10. cxd4 dxe4 11. Nxe4 Nxe4 12. Bxe4 Ne7 13. Qc2 Qxc2 14. Bxc2
Nd5 15. Bd2 b6 16. Ng5 h6 17. Nf3 Bb7 18. Bd3 Rac8 19. a3 Rc7 20. Rac1 Rfc8 21.
Rxc7 Rxc7 22. Rc1 Rxc1+ 23. Bxc1 Nf4 24. Bc4 Bxf3 25. gxf3 Nd5 26. b4 Nc7 27.
Kg2 a6 28. h3 a5 29. b5 Kf8 30. a4 Ke7 31. f4 Nd5 32. Kf3 Nc3 33. Bb3 f6 34. Bd2
Nd5 35. f5 Nc7 36. fxe6 Nxe6 37. d5 Ng5+ 38. Bxg5 fxg5 39. Kg4 Kf6 40. Bc2 Ke5
41. Bb3 Kd4 42. Kf5 Kc3 43. Bd1 Kd4 44. Ke6 Kc5 45. Bf3 Bf4 46. Be2 Kb4 47. Bd1
Kc5 48. Be2 {Game drawn by mutual agreement} 1/2-1/2

[Event "Team 45 45 League T33"]
[Site "Internet Chess Club"]
[Date "2007.04.21"]
[Round "1"]
[White "HKNIGHT"]
[Black "Luckydawg"]
[Result "1-0"]
[WhiteElo "1643"]
[BlackElo "1640"]
[ECO "A41"]
[TimeControl "2700+45"]

1. d4 d6 2. e3 Nf6 3. Nf3 g6 4. c4 Bg7 5. Be2 O-O 6. O-O Nbd7 7. Nc3 e5 8. dxe5
dxe5 9. Qc2 c6 10. Rd1 Qc7 11. Ne4 Re8 12. Bd2 Nxe4 13. Qxe4 Nf6 14. Qc2 Bf5 15.
Qb3 e4 16. Nd4 Bg4 17. Bxg4 Nxg4 18. g3 Ne5 19. Bc3 Rad8 20. Kg2 Rd7 21. Ne2
Red8 22. Rxd7 Qxd7 23. Bxe5 Bxe5 24. Qc2 Qd3 25. Rc1 Qd2 26. Nc3 Bxc3 27. Qxc3
Rd3 28. Qc2 f5 29. Kf1 Kf7 30. b3 Ke6 31. c5 Qxc2 32. Rxc2 Kd5 33. Ke1 b6 34.
cxb6 axb6 35. Ke2 b5 36. Rd2 Rxd2+ 37. Kxd2 b4 38. h3 c5 39. Kc2 g5 40. Kd2 Ke5
41. Ke2 h6 42. g4 f4 43. f3 exf3+ 44. Kxf3 fxe3 45. Kxe3 Kd5 46. Kd3 Ke5 47. Kc4
Kf4 48. Kxc5 Kg3 49. Kxb4 Kxh3 50. a4 Kxg4 51. a5 h5 52. a6 h4 53. a7 h3 54.
a8=Q h2 55. Qg2+ {Black resigns} 1-0

[Event "Team 45 45 League T33"]
[Site "Internet Chess Club"]
[Date "2007.04.22"]
[Round "1"]
[White "boffman"]
[Black "kingphisch"]
[Result "0-1"]
[WhiteElo "1501"]
[BlackElo "1526"]
[ECO "B14"]
[TimeControl "2700+45"]

1. e4 c6 2. d4 d5 3. exd5 cxd5 4. c4 Nf6 5. Nc3 e6 6. Nf3 Nc6 7. cxd5 exd5 8.
Bd3 Bg4 9. Be3 Be7 10. O-O O-O 11. Be2 Bxf3 12. Bxf3 a6 13. Re1 Rc8 14. a3 Qd7
15. Rc1 b5 16. b4 Rfd8 17. Qd2 Qb7 18. Qe2 Nb8 19. Bg5 Nc6 20. Bxf6 Bxf6 21.
Nxd5 Nxd4 22. Nxf6+ gxf6 23. Qe7 Qxe7 24. Rxe7 Rxc1+ {White resigns} 0-1

[Event "Team 45 45 League T33"]
[Site "Internet Chess Club"]
[Date "2007.04.21"]
[Round "1"]
[White "twintower"]
[Black "Rubacchus"]
[Result "1/2-1/2"]
[WhiteElo "1575"]
[BlackElo "1387"]
[ECO "B33"]
[TimeControl "2700+45"]

1. e4 c5 2. Nf3 Nc6 3. d4 cxd4 4. Nxd4 Nf6 5. Nc3 e5 6. Nb3 Bb4 7. a3 Bxc3+ 8.
bxc3 Nxe4 9. Qd3 d5 10. Bb2 Bf5 11. Qe3 Qb6 12. Bd3 O-O 13. Kf1 Qxe3 14. fxe3 a5
15. Nc5 Nxc5 16. Bxf5 Na4 17. Rb1 Nxb2 18. Rxb2 Ne7 19. Bh3 Rab8 20. Ke2 e4 21.
Rhb1 f5 22. Rxb7 Rxb7 23. Rxb7 Rf7 24. Rb8+ Rf8 25. Rb7 Rf7 26. Ra7 Nc6 27. Ra8+
Rf8 28. Rxf8+ Kxf8 29. Bxf5 g6 30. Bd7 Ne7 31. Be6 Kg7 32. Kf2 Kf6 33. Bd7 Nf5
34. g3 h5 35. h3 g5 36. Bxf5 Kxf5 37. Ke2 Ke5 38. Kd2 Kd6 39. c4 dxc4 40. Kc3
Kc5 41. a4 h4 42. g4 Kd5 43. Kb2 Kc5 44. Kc3 Kd5 45. Kb2 {Game drawn by mutual
agreement} 1/2-1/2

[Event "Team 45 45 League T33"]
[Site "Internet Chess Club"]
[Date "2007.04.19"]
[Round "1"]
[White "AtomicDog"]
[Black "sean98"]
[Result "1-0"]
[WhiteElo "1362"]
[BlackElo "1584"]
[ECO "B50"]
[TimeControl "2700+45"]

1. e4 c5 2. Nf3 d6 3. c3 Nc6 4. d4 cxd4 5. cxd4 a6 6. Bf4 Nf6 7. Bd3 g6 8. O-O
Bg7 9. Nc3 O-O 10. Qd2 Re8 11. e5 dxe5 12. dxe5 Nd5 13. Nxd5 Qxd5 14. Qc3 e6 15.
Rad1 Qxa2 16. Be4 Qa5 17. Rd6 Qxc3 18. bxc3 Na7 19. Rfd1 Kf8 20. Ng5 Nc6 21.
Nxh7+ Kg8 22. Bxc6 bxc6 23. Nf6+ Bxf6 24. exf6 Bb7 25. R1d4 c5 26. Rd3 c4 27.
Rh3 Bd5 28. Bh6 Reb8 29. Rd8+ Rxd8 30. Bg7 {Black resigns} 1-0

[Event "Team 45 45 League T33"]
[Site "Internet Chess Club"]
[Date "2007.04.19"]
[Round "1"]
[White "Grenadier"]
[Black "Ernie1"]
[Result "1-0"]
[WhiteElo "1853"]
[BlackElo "1602"]
[ECO "B14"]
[TimeControl "2700+45"]

1. e4 c6 2. d4 d5 3. exd5 cxd5 4. c4 Nf6 5. Nc3 e6 6. Nf3 Bb4 7. Bd3 dxc4 8.
Bxc4 O-O 9. O-O a6 10. Bg5 Be7 11. Qc2 b5 12. Bd3 h6 13. Bh4 Bb7 14. Ne4 Nbd7
15. Rac1 Rc8 16. Qe2 Rxc1 17. Rxc1 Nxe4 18. Bxe7 Qxe7 19. Bxe4 Bxe4 20. Qxe4 Nf6
21. Qc6 Qb4 22. Qc3 Qd6 23. a3 Rd8 24. Qc6 Nd5 25. Qxd6 Rxd6 26. Kf1 Kf8 27. g3
Ke7 28. Ke2 f6 29. h4 Kd7 30. Kd3 Rc6 31. Rc5 Kd6 32. b4 Nb6 33. Nd2 Nd7 34.
Ne4+ Kc7 35. Rxc6+ Kxc6 36. Nc5 Nxc5+ 37. dxc5 Kd5 38. Ke3 e5 39. f3 f5 40. h5
Ke6 41. f4 e4 42. Kd4 Kf6 43. g4 g6 44. hxg6 fxg4 45. Kxe4 h5 46. c6 {Black
resigns} 1-0

[Event "Team 45 45 League T33"]
[Site "Internet Chess Club"]
[Date "2007.04.22"]
[Round "1"]
[White "NESKAYA"]
[Black "Zyme"]
[Result "1-0"]
[WhiteElo "1519"]
[BlackElo "1436"]
[ECO "A15"]
[TimeControl "2700+45"]

1. c4 Nf6 2. g3 g6 3. Bg2 Bg7 4. Nc3 O-O 5. Nf3 d6 6. h3 e5 7. d3 Nc6 8. O-O Be6
9. a3 Qd7 10. Ng5 Rad8 11. Nxe6 Qxe6 12. Bg5 h6 13. Bxf6 Bxf6 14. Nd5 Rd7 15.
Qb3 Nd8 16. Qa4 Bg7 17. Qxa7 b6 18. Qa4 e4 19. Rab1 exd3 20. exd3 Bd4 21. Rfe1
Qf5 22. Rf1 c6 23. Nf4 Re8 24. Be4 Qf6 25. Bxc6 Nxc6 26. Qxc6 Red8 27. Nd5 Qf3
28. Ne7+ {Black resigns} 1-0

[Event "Team 45 45 League T33"]
[Site "Internet Chess Club"]
[Date "2007.04.21"]
[Round "1"]
[White "BrerRabbit"]
[Black "ogoon"]
[Result "1/2-1/2"]
[WhiteElo "1513"]
[BlackElo "1576"]
[ECO "D11"]
[TimeControl "2700+45"]

1. d4 d5 2. c4 c6 3. Nf3 a6 4. e3 Nf6 5. Bd3 Bg4 6. h3 Bh5 7. O-O Nbd7 8. cxd5
cxd5 9. Nbd2 e5 10. dxe5 Nxe5 11. Be2 Nxf3+ 12. Nxf3 Bd6 13. Qa4+ b5 14. Qd1 O-O
15. Nd4 Bxe2 16. Qxe2 Ne4 17. a3 Rc8 18. Bd2 Be5 19. Bb4 Re8 20. Rfd1 Qf6 21.
Qf3 Qxf3 22. gxf3 Nf6 23. Rd2 Bxd4 24. Rxd4 h6 25. Bc3 Rc4 26. Rad1 Rxd4 27.
Rxd4 Re6 28. Rd2 Rd6 29. Bxf6 gxf6 30. Rd4 f5 31. e4 fxe4 32. fxe4 Rg6+ 33. Kh2
dxe4 34. Rxe4 Kg7 35. Rg4 Rg5 36. b4 Kf6 37. Rf4+ Ke6 38. Rh4 h5 39. Re4+ Kd5
40. Re7 Rf5 41. Kg3 Kc4 42. Re3 Kd4 43. Kg2 h4 44. Kf1 Rf6 45. Ke2 Rf4 46. Kf1
Kc4 47. Ke2 f5 48. Kf1 Re4 49. Ke2 Rxe3+ 50. Kxe3 Kb3 51. Kf4 Kxa3 52. Kxf5 Kxb4
53. f4 a5 54. Kg4 a4 55. f5 a3 56. f6 a2 57. f7 a1=Q 58. f8=Q+ Kb3 59. Qf7+ Kb2
60. Qf6+ Kb1 61. Qf5+ Ka2 62. Qxb5 Qd4+ 63. Kf3 Qc3+ 64. Kg4 Qg3+ 65. Kh5 Qxh3
66. Qc4+ Kb1 67. Qxh4 Qxh4+ 68. Kxh4 {Game drawn because neither player has
mating material} 1/2-1/2

[Event "Team 45 45 League T33"]
[Site "Internet Chess Club"]
[Date "2007.04.23"]
[Round "1"]
[White "MarcoDeSade"]
[Black "AlPearson"]
[Result "0-1"]
[WhiteElo "1384"]
[BlackElo "1475"]
[ECO "C01"]
[TimeControl "2700+45"]

1. e4 e6 2. d4 d5 3. exd5 exd5 4. Nf3 Nf6 5. Be2 Bd6 6. O-O O-O 7. Bg5 Nc6 8. c3
Bf5 9. Nbd2 Qd7 10. Bxf6 gxf6 11. Nb3 Kh8 12. Bd3 Rg8 13. Re1 Rg7 14. Bxf5 Qxf5
15. g3 Qh3 16. Qd3 a6 17. Qf1 Qg4 18. Qg2 Rag8 19. Re3 f5 20. Rae1 f4 21. Re8
fxg3 22. Rxg8+ Rxg8 23. fxg3 f5 24. Kf2 f4 25. Rg1 fxg3+ 26. hxg3 b6 27. Nbd2
Ne7 28. Nf1 Nf5 29. Ne3 Bxg3+ 30. Ke2 Nxe3 31. Kxe3 Bf4+ 32. Kf2 Be3+ 33. Kf1
Bxg1 34. Qxg4 Rxg4 35. Nxg1 Kg7 36. Kf2 Kf6 37. Nf3 Kf5 38. Ne5 Rg7 39. Nc6 a5
40. Ne5 h5 {White resigns} 0-1

[Event "Team 45 45 League T33"]
[Site "Internet Chess Club"]
[Date "2007.04.23"]
[Round "1"]
[White "RD1974"]
[Black "Warpdrive"]
[Result "0-1"]
[WhiteElo "1709"]
[BlackElo "1634"]
[ECO "B02"]
[TimeControl "2700+45"]

1. e4 Nf6 2. e5 Nd5 3. c4 Nb6 4. d4 d6 5. Nf3 Bg4 6. Bf4 dxe5 7. Bxe5 Nc6 8. Be2
Nxe5 9. Nxe5 Bxe2 10. Qxe2 e6 11. O-O Be7 12. Rd1 O-O 13. Nc3 c6 14. d5 cxd5 15.
cxd5 exd5 16. Rd3 Bf6 17. Ng4 Bxc3 18. Rxc3 Rc8 19. Rg3 Qd6 20. Qd2 Kh8 21. b3
f5 22. a4 fxg4 23. a5 Qf6 24. Rd1 Nd7 25. Rxg4 Ne5 26. Rd4 Qg6 27. Kh1 Rc2 28.
Qb4 Rcxf2 29. Rg1 Rf1 30. Rxd5 Rxg1+ 31. Kxg1 Qb1+ 32. Rd1 Qxd1+ 33. Qe1 Qxe1#
{White checkmated} 0-1

[Event "Team 45 45 League T33"]
[Site "Internet Chess Club"]
[Date "2007.04.18"]
[Round "1"]
[White "CoronelCintra"]
[Black "hondocando"]
[Result "1-0"]
[WhiteElo "1832"]
[BlackElo "1513"]
[ECO "A47"]
[TimeControl "2700+45"]

1. d4 Nf6 2. Nf3 b6 3. Bg5 Bb7 4. Nc3 e6 5. e4 Be7 6. Bxf6 Bxf6 7. Be2 O-O 8.
O-O d6 9. e5 Be7 10. Bd3 g6 11. Qe2 Nc6 12. Rad1 Nb4 13. Bc4 d5 14. Bb5 c6 15.
Bd3 c5 16. a3 Nxd3 17. Qxd3 cxd4 18. Nxd4 a6 19. f4 Bc5 20. Na4 Qd7 21. Nxc5
bxc5 22. Nf3 a5 23. Ng5 h6 24. Ne4 Qe7 25. Nf6+ Kg7 26. Qg3 c4 27. Qh4 Qd8 28.
Qf2 Qc7 29. Qd4 Rac8 30. c3 Rh8 31. Rde1 Qc5 32. Qxc5 Rxc5 33. Rf2 a4 34. Rd2
Rb5 35. Ree2 Bc6 36. Kf2 Rhb8 37. g4 Rh8 38. Ke3 g5 39. Rf2 Rd8 40. fxg5 hxg5
41. Ne4 d4+ 42. Rxd4 Rxd4 43. cxd4 Rb3+ 44. Nc3 Rb8 45. d5 Bd7 46. d6 Rh8 47.
Ne4 Rh3+ 48. Kd4 Bc6 49. Nxg5 Rh4 50. Kc5 Bd7 51. Rxf7+ Kg6 52. Rxd7 Kxg5 53.
Rg7+ Kf4 54. d7 Rh8 55. Kc6 Kxe5 56. Re7 Ra8 57. Re8 Ra6+ 58. Kc5 Rd6 59. d8=Q
Rxd8 {Black resigns} 1-0

[Event "Team 45 45 League T33"]
[Site "Internet Chess Club"]
[Date "2007.04.19"]
[Round "1"]
[White "clarinetref"]
[Black "Talmage"]
[Result "0-1"]
[WhiteElo "1580"]
[BlackElo "1616"]
[ECO "A05"]
[TimeControl "2700+45"]

1. Nf3 Nf6 2. g3 g6 3. Bg2 Bg7 4. O-O O-O 5. d3 d6 6. Nbd2 Nbd7 7. Rb1 b6 8. Nd4
d5 9. c4 Bb7 10. b4 c5 11. bxc5 Nxc5 12. Ba3 dxc4 13. N4f3 cxd3 14. Bxc5 dxe2
15. Qxe2 Bxf3 16. Bxf3 bxc5 17. Bxa8 Qxa8 18. Qxe7 Qd5 19. Nb3 c4 20. Rbd1 Qe4
21. Qxe4 Nxe4 22. Nd4 Nc3 23. Nc6 Nxd1 24. Rxd1 Bb2 25. Nb4 Rb8 26. Nc2 Rb6 27.
Rd7 Ra6 28. Nb4 Ra4 29. Rb7 c3 30. Kf1 Rxb4 31. Rxb4 c2 32. Rc4 c1=Q+ 33. Rxc1
Bxc1 34. Ke2 f5 35. a4 Kf7 36. f3 Ke6 37. Kd3 f4 38. g4 g5 39. h3 h6 40. Kc4 Ke5
41. a5 a6 42. Kd3 Kd5 43. Kc3 Ba3 44. Kb3 Kd4 45. Kxa3 Ke3 {White resigns} 0-1

[Event "Team 45 45 League T33"]
[Site "Internet Chess Club"]
[Date "2007.04.23"]
[Round "1"]
[White "alastorx"]
[Black "BillyNoMates"]
[Result "1/2-1/2"]
[WhiteElo "1830"]
[BlackElo "1899"]
[ECO "A45"]
[TimeControl "2700+45"]

1. d4 Nf6 2. Nc3 c5 3. d5 d6 4. Nf3 b5 5. Nxb5 Qa5+ 6. Nc3 Ba6 7. Bd2 Qb4 8. Qc1
Qb7 9. e4 Bxf1 10. Kxf1 Nbd7 11. g3 e6 12. Kg2 exd5 13. exd5 Nxd5 14. Re1+ Be7
15. Nxd5 Qxd5 16. Bf4 Ne5 17. Bxe5 dxe5 18. Rxe5 Qb7 19. Qe3 f6 20. Re4 Kf7 21.
Re1 Rhe8 22. Qb3+ Qxb3 23. axb3 Rad8 24. R1e2 Bd6 25. Nd2 Rxe4 26. Nxe4 Bf8 27.
Rd2 Rxd2 28. Nxd2 Bd6 29. Ne4 Be7 30. f3 Ke6 31. Kf2 Kd5 32. Nc3+ Kc6 33. Ke3
Bd6 34. Kd3 h5 35. Kc4 g5 36. Ne4 Be7 37. g4 h4 38. h3 a6 39. Nc3 {Game drawn by
mutual agreement} 1/2-1/2

[Event "Team 45 45 League T33"]
[Site "Internet Chess Club"]
[Date "2007.04.22"]
[Round "1"]
[White "shijith"]
[Black "chinta"]
[Result "0-1"]
[WhiteElo "1750"]
[BlackElo "1664"]
[ECO "D02"]
[TimeControl "2700+45"]

1. d4 d5 2. Nf3 Nc6 3. c4 e6 4. Nc3 Nf6 5. h3 Bb4 6. Bg5 h6 7. Bd2 Bxc3 8. bxc3
dxc4 9. e3 b5 10. a4 Ba6 11. axb5 Bxb5 12. g4 Ne7 13. Ne5 Qd5 14. Rg1 Ne4 15.
Bg2 f6 16. Nf3 Qd6 17. Qc2 Bc6 18. Nh4 Nxd2 19. Bxc6+ Qxc6 20. Kxd2 Kf7 21. Qa4
Qd5 22. e4 Qg5+ 23. Kc2 Qxh4 24. Qxc4 Qxf2+ 25. Kb3 Rhb8+ 26. Ka4 Qc2+ 27. Ka3
a5 28. d5 a4 29. dxe6+ Kg8 30. Rgc1 Qb2# {White checkmated} 0-1

[Event "Team 45 45 League T33"]
[Site "Internet Chess Club"]
[Date "2007.04.21"]
[Round "1"]
[White "shakkimestari"]
[Black "hansolo1000"]
[Result "1-0"]
[WhiteElo "1753"]
[BlackElo "1776"]
[ECO "D92"]
[TimeControl "2700+45"]

1. d4 Nf6 2. c4 g6 3. Nf3 Bg7 4. Nc3 d5 5. Bf4 c6 6. h3 O-O 7. e3 Qa5 8. Qd2
Nbd7 9. a3 dxc4 10. Bxc4 e6 11. O-O Nb6 12. Ba2 Nbd5 13. Nxd5 exd5 14. Qxa5
{Black resigns} 1-0

[Event "Team 45 45 League T33"]
[Site "Internet Chess Club"]
[Date "2007.04.22"]
[Round "1"]
[White "LoseOften"]
[Black "NFK"]
[Result "1-0"]
[WhiteElo "1790"]
[BlackElo "1759"]
[ECO "C34"]
[TimeControl "2700+45"]

1. e4 e5 2. f4 exf4 3. Nf3 d6 4. Bc4 g5 5. h4 g4 6. Ng5 Nh6 7. d4 Qf6 8. O-O f3
9. gxf3 g3 10. Nc3 c6 11. e5 Qg6 12. exd6 Bxd6 13. Qe2+ Kd8 14. Be3 Re8 15. Qd2
Qh5 16. d5 Qxh4 17. Ne6+ Kd7 18. dxc6+ bxc6 19. Nc5+ Kc7 20. Nd5+ cxd5 21. Qa5+
{Black resigns} 1-0

[Event "Team 45 45 League T33"]
[Site "Internet Chess Club"]
[Date "2007.04.21"]
[Round "1"]
[White "ivanson"]
[Black "SneakyRed"]
[Result "1/2-1/2"]
[WhiteElo "1936"]
[BlackElo "1798"]
[ECO "B19"]
[TimeControl "2700+45"]

1. e4 c6 2. d4 d5 3. Nc3 dxe4 4. Nxe4 Bf5 5. Ng3 Bg6 6. h4 h6 7. Nf3 Nd7 8. h5
Bh7 9. Bd3 Bxd3 10. Qxd3 Ngf6 11. Bf4 e6 12. O-O-O a5 13. Ne5 Be7 14. Ne4 Nxe4
15. Qxe4 Nf6 16. Qe2 Qd5 17. Kb1 Qe4 18. Qxe4 Nxe4 19. Be3 O-O 20. g4 Rfd8 21.
Rhg1 Bg5 22. f4 Be7 23. g5 hxg5 24. fxg5 f6 25. Ng6 Bd6 26. Nf4 Nxg5 27. h6
{Game drawn by mutual agreement} 1/2-1/2

[Event "Team 45 45 League T33"]
[Site "Internet Chess Club"]
[Date "2007.04.22"]
[Round "1"]
[White "Fysh"]
[Black "mickeys"]
[Result "0-1"]
[WhiteElo "1791"]
[BlackElo "1694"]
[ECO "E61"]
[TimeControl "2700+45"]

1. d4 Nf6 2. c4 g6 3. Nc3 Bg7 4. Bg5 O-O 5. e4 d6 6. Nf3 Bg4 7. h3 Bxf3 8. Qxf3
Nc6 9. O-O-O e5 10. dxe5 Nxe5 11. Qe3 Qd7 12. f4 Nc6 13. e5 Ne8 14. Be2 Qe6 15.
Nd5 dxe5 16. Rhe1 e4 17. g4 f5 18. gxf5 gxf5 19. b3 a5 20. Bh5 Nb4 21. Bxe8 Nxd5
22. Rxd5 Rfxe8 23. Qc5 a4 24. Qxc7 axb3 25. Rd7 Qg6 26. axb3 b5 27. Rxg7+ Qxg7
28. Qxg7+ Kxg7 29. cxb5 Rab8 30. Rd1 Rxb5 31. Kb2 Reb8 32. Rd7+ Kg8 33. Rd8+
Rxd8 34. Bxd8 Kf7 35. Kc3 Ke6 36. b4 Kd5 37. Be7 Rb7 38. Bf8 Rc7+ 39. Kd2 Kc4
40. Ke3 Rb7 41. h4 Rxb4 42. Bxb4 Kxb4 43. Kd4 Kb3 44. Ke3 Kc3 45. h5 h6 46. Ke2
Kd4 {White resigns} 0-1

[Event "Team 45 45 League T33"]
[Site "Internet Chess Club"]
[Date "2007.04.21"]
[Round "1"]
[White "Konstantinos"]
[Black "touchthis"]
[Result "1/2-1/2"]
[WhiteElo "1661"]
[BlackElo "1777"]
[ECO "B40"]
[TimeControl "2700+45"]

1. e4 e6 2. Nf3 c5 3. b3 Nc6 4. Bb2 d5 5. exd5 exd5 6. d4 Nf6 7. h3 Be7 8. Be2
O-O 9. O-O Be6 10. dxc5 Bxc5 11. Nd4 Nxd4 12. Bxd4 Bxd4 13. Qxd4 Qc7 14. Bd3 Qd7
15. Re1 Rfe8 16. Re3 Bf5 17. Nd2 Rxe3 18. Qxe3 Bxd3 19. Qxd3 Re8 20. Kf1 Qe7 21.
Nf3 h6 22. Re1 Qd7 23. Rxe8+ Qxe8 24. Qe2 Qxe2+ {Game drawn by mutual agreement}
1/2-1/2

[Event "Team 45 45 League T33"]
[Site "Internet Chess Club"]
[Date "2007.04.21"]
[Round "1"]
[White "az2112"]
[Black "Kingofknights"]
[Result "1-0"]
[WhiteElo "1745"]
[BlackElo "1705"]
[ECO "B12"]
[TimeControl "2700+45"]

1. e4 c6 2. d4 d5 3. e5 Bf5 4. g4 Bd7 5. f4 e6 6. Nf3 c5 7. Be3 Nc6 8. Nc3 Be7
9. Qd2 cxd4 10. Nxd4 Bh4+ 11. Bf2 Bxf2+ 12. Qxf2 Qb6 13. O-O-O a6 14. Qd2 Nxd4
15. Qxd4 Qxd4 16. Rxd4 b5 17. Bg2 Ne7 18. f5 Rc8 19. Rhd1 Nc6 20. R4d2 Nxe5 21.
Re1 Nc4 22. Rxd5 O-O 23. Rxd7 Rc5 24. fxe6 fxe6 25. Rxe6 Ne5 26. Rd5 Rxd5 27.
Bxd5 Nf7 28. Re7 g6 29. Ne4 {Black resigns} 1-0

[Event "Team 45 45 League T33"]
[Site "Internet Chess Club"]
[Date "2007.04.21"]
[Round "1"]
[White "Klampin"]
[Black "fishhead"]
[Result "0-1"]
[WhiteElo "1964"]
[BlackElo "1875"]
[ECO "A48"]
[TimeControl "2700+45"]

1. d4 Nf6 2. Nf3 g6 3. Bg5 Bg7 4. Nbd2 d6 5. e4 h6 6. Bf4 Nbd7 7. Bd3 Nh5 8. Be3
e5 9. c3 O-O 10. g4 Nf4 11. Bxf4 exf4 12. Qe2 c5 13. Nc4 Qc7 14. a4 Re8 15. Na3
Nf6 16. g5 Nxe4 17. O-O Bh3 18. Bxe4 Bxf1 19. Rxf1 d5 20. gxh6 Rxe4 21. h7+ Kh8
22. Qb5 f6 23. dxc5 Kxh7 24. Rd1 Qc8 25. Qd3 Qxc5 26. b4 Qc8 27. Kh1 Qh3 28.
Ng5+ fxg5 29. Qxh3+ Kg8 30. Qd7 Rae8 31. Qxd5+ Kh7 32. Qxb7 f3 33. Rg1 R8e7 34.
Qc8 g4 35. Nb5 Kh6 36. Nd6 Rf4 37. h3 Be5 38. Nb5 gxh3 39. Qxh3+ Kg7 40. Qh5 Rf6
41. Nxa7 Bxc3 42. Qc5 Re5 43. Qc7+ Kh6 44. Rd1 Rh5+ 45. Kg1 Be5 46. Qd8 Rf4 47.
Qd2 Rg5+ 48. Kf1 Rh4 49. Qxg5+ Kxg5 50. Kg1 Bh2+ 51. Kf1 Bb8 52. Kg1 Bxa7 53.
Rd5+ Kf6 54. Rd6+ Kf5 55. Ra6 Bb8 56. Rb6 Bh2+ 57. Kf1 Rc4 58. Ke1 Bf4 {White
resigns} 0-1